 Dungeon Crawl Stone Soup version 0.28-a0-1435-g82390b3a13 (webtiles) character file.

Game seed: 17359963079125787941

20 hashsling the Cutter (level 3, 11/17 HPs)
             Began as a Kobold Wanderer on Jan 9, 2022.
             Was a Follower of Hepliaklqana.
             Quit the game on level 1 of the Dungeon.
             The game lasted 00:05:02 (752 turns).

hashsling the Cutter (Kobold Wanderer)               Turns: 752, Time: 00:05:02

Health: 11/17      AC:  2    Str:  8    XL:     3   Next: 0%
Magic:  1/4        EV: 15    Int: 13    God:    Hepliaklqana [*.....]
Gold:   28         SH:  0    Dex: 17    Spells: 3/4 levels left

rFire   . . .      SeeInvis .   a - +0 rapier
rCold   . . .      Faith    .   (no shield)
rNeg    . . .      Spirit   .   d - +0 robe
rPois   .          Reflect  .   (no helmet)
rElec   .          Harm     .   (no cloak)
rCorr   .          Rampage  .   (no gloves)
Will    .....                   (no boots)
Stlth   ++........              (no amulet)
HPRegen 0.05/turn               (no ring)
MPRegen 0.09/turn               (no ring)

@: no status effects
A: reduced essence, small, no large weapons, nightstalker 3
a: Renounce Religion, Recall Ancestor, Ancestor Identity


You were on level 1 of the Dungeon.
You worshipped Hepliaklqana.
Hepliaklqana was aware of your devotion.
You visited 1 branch of the dungeon, and saw 1 of its levels.

You collected 28 gold pieces.

Inventory:

Hand Weapons
 a - a +0 rapier (weapon)
 c - a +0 dagger
 k - a +0 hunting sling
Missiles
 b - 6 boomerangs (quivered)
 i - 4 poisoned darts
 l - 23 stones
Armour
 d - a +0 robe (worn)
 m - an orb of guile
Scrolls
 e - a scroll of teleportation {unknown}
 g - a scroll of fog {unknown}
 h - a scroll of fear {unknown}
 n - a scroll of identify {unknown}
Potions
 f - a potion of curing {unknown}
 j - a potion of degeneration {unknown}


   Skills:
 - Level 4.0 Short Blades
 - Level 2.1 Throwing
 * Level 3.2 Dodging
 - Level 1.1 Spellcasting
 - Level 3.0 Poison Magic


You had 3 spell levels left.
You knew the following spells:

 Your Spells              Type           Power      Damage    Failure   Level
a - Sting                 Tmut/Pois      16%        1d3       16%         1

Your spell library contained the following spells:

 Spells                   Type           Power      Damage    Failure   Level
 Ignite Poison            Fire/Tmut/Pois 3%         N/A       50%         3


Dungeon Overview and Level Annotations

Branches:
Dungeon (1/15)

Altars:
Hepliaklqana


Innate Abilities, Weirdness & Mutations

Your life essence is reduced to manifest your ancestor. (-10% HP)
You are small and have problems with some larger weapons.
You are completely attuned to the shadows.


Message History

You hit the rat.
The rat is severely wounded.
The rat bites you.
You hit the rat.
You kill the rat!
You now have 28 gold pieces (gained 10).
There is a faded altar of an unknown god, spattered with blood here.
n - a scroll labelled OHOKES NEPA As you open the door, it creaks loudly!
A giant cockroach comes into view.
The giant cockroach waves its antennae.
Casting: Sting (safe; 16% risk of failure)
Confirm with . or Enter, or press ? or * to list all spells.
Aiming: Sting (safe; 16% risk of failure)
Press: ? - help, Shift-Dir - straight line, f - giant cockroach
Aim: a giant cockroach (64% to hit)
The sting hits the giant cockroach but does no damage.
The giant cockroach is poisoned.
Casting: Sting (safe; 16% risk of failure)
Confirm with . or Enter, or press ? or * to list all spells.
Aiming: Sting (safe; 16% risk of failure)
Press: ? - help, Shift-Dir - straight line, f/p - giant cockroach
Aim: a giant cockroach (moderately wounded, poisoned, 64% to hit)
The sting hits the giant cockroach but does no damage.
The giant cockroach looks even sicker.
The giant cockroach is moderately wounded.
You hit the giant cockroach.
You kill the giant cockroach!
You have reached level 3!
Your experience leads to an increase in your attributes!
Increase (S)trength, (I)ntelligence, or (D)exterity?
You feel agile. x2
There is a faded altar of an unknown god, spattered with blood here.
You cannot tell which god this altar belongs to.
Convert to them anyway?
Hepliaklqana accepts your prayer! Hepliaklqana welcomes you!
Hepliaklqana forms a fragment of your life essence into the memory of your ancestor, Ayize!
You can now recall your ancestor.
You can now remember your ancestor's identity.
Are you sure you want to abandon this character and quit the game? (Confirm with "yes".)

.......######
...>...'.....
.......#.#####
.............#.#.#
..........[.......
######.##.##.#.#.# #
#...........#†# ..
####'#####.#.###.##...
.....(.#........@R†...
.(.....#.#..####..#...
.......#.#... ##..# +#
.#............#...#
.#......##.#..#.###
.+......+ #. ##......#
#. #..†...# #.
#......#


You could see the friendly Ayize the ancestor.

Vanquished Creatures
  A dart slug (D:1)
  2 ball pythons (D:1)
  An endoplasm (D:1)
  A giant cockroach (D:1)
  A goblin (D:1)
  A hobgoblin (D:1)
  5 bats (D:1)
  2 frilled lizards (D:1)
  5 rats (D:1)
19 creatures vanquished.

Notes
Turn   | Place    | Note
-------+----------+-------------------------------------------
     0 | D:1      | hashsling the Kobold Wanderer began the quest for the Orb.
     0 | D:1      | hashsling set off with the following items: a +0 rapier, 6
                  | boomerangs, a +0 dagger, a +0 robe; and the following spell
                  | memorised: Sting; and the following spells available to
                  | memorise: Ignite Poison
     0 | D:1      | Reached XP level 1. HP: 10/10 MP: 2/2
   261 | D:1      | Reached XP level 2. HP: 11/15 MP: 3/3
   698 | D:1      | Found a faded altar of an unknown god.
   750 | D:1      | Reached XP level 3. HP: 11/19 MP: 1/4
   751 | D:1      | Prayed at the altar of an unknown god.
   751 | D:1      | Became a worshipper of Hepliaklqana the Forgotten
   751 | D:1      | Reached * piety under Hepliaklqana
   752 | D:1      | Quit the game

Illustrated notes

Levels and vault maps discovered:
D:1:      minmay_arrival_diagonal_passages, layout_basic,
          basic_ecumenical_altar, minmay_misc_feat_encased

Skill      XL: |  1  2 |
---------------+-------+-----
Dodging        | 2 3 |  3.2
Short Blades   | |  4.0
Throwing       | |  2.1
Spellcasting   | |  1.1
Poison Magic   | |  3.0

Action                   || total
-------------------------++-------
Melee: Rapier            ||    36
 Cast: Sting             ||     2
 Stab: Sleeping          ||     8
Armor: Robe              ||     9
Dodge: Dodged            ||    32

Table legend: (Time is in decaauts)
 A = Elapsed time spent in this place.
 B = Non-inter-level travel time spent in this place.
 C = Inter-level travel time spent in this place.
 D = Time resting spent in this place.
 E = Time spent auto-exploring this place.
 F = Levels seen in this place.
 G = Mean time per level.
                   A        B        C        D        E       F      G
               +--------+--------+--------+--------+--------+-----+--------+
         Total |    752 |    752 |      0 |      0 |    591 |   1 |  752.0 |
       Dungeon |    752 |    752 |      0 |      0 |    591 |   1 |  752.0 |
               +--------+--------+--------+--------+--------+-----+--------+

Top non-repeatable levels by time:
     D:1: 752 daAuts
